 Dungeon Crawl Stone Soup version 0.23-a0-261-g133332c (console) character file.

267 bli the Conjurer (level 6, -1/39 HPs)
             Began as an Octopode Wanderer on Sept 29, 2018.
             Slain by Purgy (3 damage)
             ... on level 4 of the Dungeon.
             The game lasted 00:15:18 (3746 turns).

bli the Conjurer (Octopode Wanderer)                Turns: 3746, Time: 00:15:19

Health: -1/39      AC:  1    Str: 10    XL:     6   Next: 21%
Magic:  0/9        EV: 13    Int: 17    God:
Gold:   204        SH:  0    Dex:  8    Spells: 3/9 levels left

rFire    + . .     SeeInvis .   a - +0 trident
rCold    + . .     Gourm    .   (no shield)
rNeg     . . .     Faith    .   (helmet restricted)
rPois    .         Spirit   .   (no amulet)
rElec    .         Reflect  .   i - ring of protection from cold
rCorr    .         Harm     .   (no ring)
MR       .....                  (no ring)
Stlth    +++.......             (no ring)
HPRegen  0.13/turn              (no ring)
MPRegen  0.11/turn              (no ring)
                                (no ring)
                                (no ring)

@: no status effects
A: almost no armour, stealthy swim, amphibious, 8 rings, constrict 8, camouflage
1, clumsy 2, fire resistance 1, screaming 1, gelatinous body 1
a: no special abilities


You were on level 4 of the Dungeon.
You were not hungry.

You visited 1 branch of the dungeon, and saw 4 of its levels.

You collected 204 gold pieces.

Inventory:

Hand Weapons
 a - a +0 trident (weapon)
 b - a +0 quarterstaff
 r - a +0 spear
Missiles
 f - 116 stones (quivered)
Jewellery
 i - a ring of protection from cold (left tentacle)
Wands
 k - a wand of enslavement (19)
Scrolls
 c - a scroll of blinking {unknown}
 g - 4 scrolls of identify
 h - a scroll of remove curse
 j - 2 scrolls of teleportation {unknown}
 l - a scroll of amnesia {unknown}
 o - a scroll of fear {unknown}
 p - a scroll of magic mapping {unknown}
Potions
 e - 2 potions of agility {unknown}
 m - a potion of mutation
 n - 2 potions of curing
Comestibles
 d - 5 rations
 q - 11 chunks of flesh


   Skills:
 * Level 2.2 Fighting
 + Level 2.2 Polearms
 - Level 1.0 Throwing
 + Level 2.3 Dodging
 + Level 3.1 Stealth
 * Level 2.4 Spellcasting
 + Level 4.0 Conjurations
   Level 2.4 Poison Magic


You had 3 spell levels left.
You knew the following spells:

 Your Spells              Type           Power        Failure   Level  Hunger
a - Magic Dart            Conj           ###.         3%          1    #......
d - Dazzling Spray        Conj/Hex       #.....       24%         3    ###....
r - Searing Ray           Conj           ###...       5%          2    ##.....

Your spell library contained the following spells:

 Spells                   Type           Power        Failure   Level  Hunger
 Shock                    Conj/Air       #...         9%          1    #......
 Static Discharge         Conj/Air       #.......     24%         3    ###....
 Iskenderun's Mystic Bla  Conj           ###.....     34%         4    #####..
 Force Lance              Conj/Tloc      #.......     63%         4    #####..
 Fulminant Prism          Conj/Hex       #.........   63%         4    #####..


Dungeon Overview and Level Annotations

Branches:
Dungeon (4/15)
 Temple: D:4-7

Altars:
Elyvilon
Gozag
Uskayaw
Xom

Annotations:
D:4 Menkaure, Purgy


Innate Abilities, Weirdness & Mutations

You cannot wear most types of armour.
You are very stealthy in the water. (Stealth+)
You are amphibious.
You can wear up to eight rings at the same time.
You can use your tentacles to constrict eight enemies at once.
Your skin changes colour to match your surroundings (Stealth+).
Your rubbery body absorbs attacks. (AC +1, EV +1)
You are very clumsy. (Dex -4)
Your flesh is heat resistant. (rF+)
You occasionally shout uncontrollably at your foes.


Message History

You feel clumsy.
You feel the urge to shout.
You feel clumsy.
You feel Purgy barely misses you. Purgy closely misses you. Purgy claws you.
Casting: Searing Ray (safe; 5% risk of failure)
Confirm with . or Enter, or press ? or * to list all spells.
Aiming: Searing Ray (safe; 5% risk of failure)
Press: ? - help, Shift-Dir - straight line, f/p - Purgy
Aim: Purgy (moderately wounded)
The searing ray hits Purgy.
Purgy is moderately wounded. (Press . to maintain the ray.) Purgy bites you!
* * * LOW HITPOINT WARNING * * *
Purgy closely misses you. Purgy claws you.
* * * LOW HITPOINT WARNING * * *
The searing ray misses Purgy.
Purgy snarls, "Go!
Away!"
Purgy bites you!
* * * LOW HITPOINT WARNING * * *
Purgy claws you but does no damage. Purgy claws you.
You die...

....... #...##### ..........(...
#...# ........(.... #...#
.......(... #...#
......:..######...#
#.......#........### . .....#
#.................# . #....#
#.................# .. #....#
#.................# .. #....#
#...T...#.........### ...
#....###...@...#[...##......
...###......#.......#....##......
............#.......#....#.......
............#..................##
......##....#..................#
......##....#..................##
.##M..##....#....................
##........#........#####.......
..........##........# #.......
........รท[....##....# #.......
...##.........##....# ########


You could see Purgy.

Vanquished Creatures
  2 orc wizards
  Terence (D:2)
  2 worker ants
  6 adders
  2 worms (D:3)
  A dart slug (D:3)
  A leopard gecko (D:2)
  8 orcs
  4 giant cockroaches
  5 goblins
  6 hobgoblins
  8 jackals
  A quokka (D:2)
  A ball python (D:1)
  7 bats
  4 frilled lizards
  A jackal skeleton (D:4)
  8 kobolds
  5 rats
73 creatures vanquished.

Notes
Turn   | Place    | Note
-------+----------+-------------------------------------------
     0 | D:1      | bli the Octopode Wanderer began the quest for the Orb.
     0 | D:1      | bli set off with: a +0 spear, a ration
     0 | D:1      | Reached XP level 1. HP: 13/13 MP: 1/1
   141 | D:1      | Reached XP level 2. HP: 16/18 MP: 2/2
   148 | D:1      | Learned a level 1 spell: Magic Dart
   936 | D:2      | Reached XP level 3. HP: 12/23 MP: 0/3
  1143 | D:2      | Noticed Terence
  1269 | D:2      | Killed Terence
  1430 | D:2      | Reached skill level 1 in Spellcasting
  1430 | D:2      | Reached XP level 4. HP: 23/28 MP: 5/5
  1483 | D:2      | Found an opulent altar of Gozag.
  1483 | D:2      | Found a white marble altar of Elyvilon.
  1917 | D:2      | Learned a level 3 spell: Dazzling Spray
  2709 | D:3      | Reached XP level 5. HP: 19/34 MP: 0/7
  2879 | D:3      | Found a shimmering altar of Xom.
  3026 | D:3      | Found a hide-covered altar of Uskayaw.
  3457 | D:4      | Noticed Purgy
  3463 | D:4      | Learned a level 2 spell: Searing Ray
  3473 | D:4      | Reached skill level 4 in Conjurations
  3548 | D:4      | Noticed Menkaure
  3565 | D:4      | Reached XP level 6. HP: 32/39 MP: 2/9
  3744 | D:4      | Gained mutation: You are clumsy. (Dex -2) [potion of
                  | mutation]
  3744 | D:4      | Gained mutation: You occasionally shout uncontrollably at
                  | your foes. [potion of mutation]
  3744 | D:4      | Gained mutation: You are very clumsy. (Dex -4) [potion of
                  | mutation]
  3744 | D:4      | Gained mutation: Your flesh is heat resistant. (rF+)
                  | [potion of mutation]
  3746 | D:4      | Slain by Purgy

Vault maps used:
D:1:      roderic_octagonal_star
D:2:      grunt_temple_overflow_open, minmay_distorted, uniq_terence
D:3:      old_standard_altar, lemuel_crystal_altar
D:4:      grunt_dithmenos_smoke_and_mirrors, first_ration, uniq_purgy,
          uniq_menkaure, uniq_duvessa

Skill      XL: |  1  2  3  4  5  6 |
---------------+-------------------+-----
Stealth        | 2 3 |  3.1
Dodging        | 2 |  2.3
Spellcasting   | 1 2 |  2.4
Polearms       | 2 |  2.2
Conjurations   | 4 |  4.0
Fighting       | 2 |  2.2
Throwing       | |  1.0
Poison Magic   | |  2.4

Action                   |  1- 3 |  4- 6 || total
-------------------------+-------+-------++-------
Melee: Spear             |    54 |    66 ||   120
       Constrict         |    11 |    18 ||    29
       Tentacles         |     3 |    10 ||    13
       Trident           |       |     3 ||     3
Throw: Stone             |     1 |     4 ||     5
 Cast: Magic Dart        |    14 |    85 ||    99
       Dazzling Spray    |       |     1 ||     1
       Searing Ray       |       |     3 ||     3
  Use: Scroll            |     2 |       ||     2
       Potion            |     1 |     1 ||     2
 Stab: Sleeping          |     3 |     4 ||     7
       Distracted        |       |     1 ||     1
  Eat: Chunk             |     1 |    11 ||    12
Armor: Skin              |     3 |     2 ||     5
Dodge: Dodged            |    24 |    35 ||    59

Table legend:
 A = Non-vault XP
 B = Vault XP
 C = Vault XP percentage of total XP
 D = Non-vault monster count
 E = Vault monster count
 F = Vault count percentage of total count
                 A         B        C        D         E       F
            +---------+---------+-------+---------+---------+-------
      Total |     345 |      37 |   9.7 |      71 |       2 |   2.7
            +---------+---------+-------+---------+---------+-------
        D:1 |      25 |       0 |   0.0 |      16 |       0 |   0.0
        D:2 |      56 |      37 |  39.8 |      20 |       2 |   9.1
        D:3 |     157 |       0 |   0.0 |      25 |       0 |   0.0
        D:4 |     107 |       0 |   0.0 |      10 |       0 |   0.0
            +---------+---------+-------+---------+---------+-------
